TOP OF THE 1ST |
Paris Cubs batting - Pitching for Trois-Riveres Aigles : RHP Jaylin Green
|
Pitching: RHP Jaylin Green
|
|
Batting: RHB Hugo Torrez
|
0-0: Called Strike 0-1: Ball 1-1: Ball 2-1: Fly out, F3 (Popup, 3SF, EV 81.2 MPH)
|
Batting: RHB Eric Wiss
|
0-0: Ball 1-0: Fly out, F2 (Popup, 2LF, EV 91.9 MPH)
|
Batting: RHB Roy Battist
|
0-0: Called Strike 0-1: Swinging Strike 0-2: Foul Ball, location: 2F 0-2: Strikes out looking
|
Top of the 1st over - 0 runs, 0 hits, 0 errors, 0 left on base; Paris 0 - Trois-Riveres 0 |
BOTTOM OF THE 1ST |
Trois-Riveres Aigles batting - Pitching for Paris Cubs : RHP Bogdan Sdobnyakov
|
Pitching: RHP Bogdan Sdobnyakov
|
|
Batting: RHB Alex Koral
|
0-0: Foul Ball, location: 2F 0-1: Ball 1-1: Ground out 5-3 (Groundball, 56, EV 85.0 MPH)
|
Batting: RHB Josh Harmon
|
0-0: Called Strike 0-1: Called Strike 0-2: Foul Ball, location: 2F 0-2: Strikes out swinging
|
Batting: LHB Rich Matthews
|
0-0: Hit by Pitch
|
Batting: LHB Sean Banks
|
0-0: Ball 1-0: Ball 2-0: Fly out, F8 (Flyball, 8RM, EV 73.1 MPH)
|
Bottom of the 1st over - 0 runs, 0 hits, 0 errors, 1 left on base; Paris 0 - Trois-Riveres 0 |
TOP OF THE 2ND |
Paris Cubs batting - Pitching for Trois-Riveres Aigles : RHP Jaylin Green
|
Batting: RHB Mike Larson
|
0-0: Foul Ball, location: 2F 0-1: Called Strike 0-2: Ball 1-2: Foul Ball, location: 2F 1-2: DOUBLE (Line Drive, 78M, EV 93.1 MPH)
|
Batting: RHB Josh Asch
|
0-0: Foul Ball, location: 2F 0-1: Swinging Strike 0-2: Ball 1-2: SINGLE (Groundball, 34S, EV 74.4 MPH) (infield hit) Mike Larson to third
|
Batting: LHB Hiroki Yamamoto
|
0-0: SINGLE (Groundball, 23, EV 71.9 MPH) (infield hit) Josh Asch to second
|
Batting: RHB Gilberto Alvarado
|
0-0: Ball 1-0: Called Strike 1-1: Called Strike 1-2: Ball 2-2: Ball 3-2: Fielders Choice at 2nd, 3-6 (Groundball, 34S, EV 89.4 MPH) Mike Larson scores Josh Asch to third
|
Batting: RHB T.J. Garrison
|
0-0: Ball 1-0: Called Strike 1-1: Ball Gilberto Alvarado is caught stealing 2nd base 2-4 2-1: Ball 3-1: Base on Balls
|
Batting: RHB Chris Stec
|
0-0: Ball 1-0: Called Strike 1-1: Foul Ball, location: 2F 1-2: Foul Ball, location: 2F 1-2: Foul Ball, location: 2F 1-2: Ball 2-2: Strikes out swinging
|
Top of the 2nd over - 1 run, 3 hits, 0 errors, 2 left on base; Paris 1 - Trois-Riveres 0 |
BOTTOM OF THE 2ND |
Trois-Riveres Aigles batting - Pitching for Paris Cubs : RHP Bogdan Sdobnyakov
|
Batting: LHB Oscar Curiel
|
0-0: Ball 1-0: Called Strike 1-1: Called Strike 1-2: DOUBLE (Flyball, 89D, EV 101.2 MPH)
|
Batting: RHB John Downing
|
0-0: Ball 1-0: SINGLE (Groundball, 5D, EV 96.2 MPH) Oscar Curiel to third
|
Batting: RHB Kyler Seitz
|
0-0: Ball 1-0: Called Strike 1-1: SINGLE (Line Drive, 3D, EV 98.8 MPH) Oscar Curiel scores John Downing to second
|
Batting: RHB Jason Penfield
|
0-0: Called Strike 0-1: Ball 1-1: Ball 2-1: Ball 3-1: Base on Balls John Downing to third Kyler Seitz to second
|
Batting: RHB Bobby Ross
|
0-0: Fly out, F7 (Flyball, 7LM, EV 90.6 MPH) Runner from 3rd tags up, SCORES, throw by LF Kyler Seitz to third
|
Batting: RHB Alex Koral
|
0-0: Swinging Strike 0-1: Called Strike 0-2: SINGLE (Groundball, 56D, EV 98.8 MPH) Kyler Seitz scores Jason Penfield to second
|
Batting: RHB Josh Harmon
|
0-0: Called Strike 0-1: Foul Ball, location: 2F 0-2: Hit by Pitch Jason Penfield to third Alex Koral to second
|
Batting: LHB Rich Matthews
|
0-0: Ball 1-0: Ball 2-0: Foul Ball, location: 2F 2-1: DOUBLE (Flyball, 8RXD, EV 105.0 MPH) Jason Penfield scores Alex Koral scores Josh Harmon to third
|
Batting: LHB Sean Banks
|
0-0: Ball 1-0: Ball 2-0: DOUBLE (Flyball, 8RXD, EV 95.6 MPH) Josh Harmon scores Rich Matthews scores
|
Batting: LHB Oscar Curiel
|
0-0: Ball 1-0: Ground out 4-3 (Groundball, 4, EV 97.5 MPH) Sean Banks to third
|
Batting: RHB John Downing
|
0-0: Called Strike 0-1: Ball 1-1: Ball 2-1: Swinging Strike 2-2: Strikes out swinging
|
Bottom of the 2nd over - 7 runs, 6 hits, 0 errors, 1 left on base; Paris 1 - Trois-Riveres 7 |
TOP OF THE 3RD |
Paris Cubs batting - Pitching for Trois-Riveres Aigles : RHP Jaylin Green
|
Batting: RHB Hugo Torrez
|
0-0: Called Strike 0-1: Foul Ball, location: 2F 0-2: Ball 1-2: Ground out 6-3 (Groundball, 56, EV 104.4 MPH)
|
Batting: RHB Eric Wiss
|
0-0: Foul Ball, location: 2F 0-1: Foul Ball, location: 2F 0-2: Foul Ball, location: 2F 0-2: Ball 1-2: Foul Ball, location: 2F 1-2: Strikes out swinging
|
Batting: RHB Roy Battist
|
0-0: Foul Ball, location: 2F 0-1: Ball 1-1: Foul Ball, location: 2F 1-2: Ball 2-2: Foul Ball, location: 2F 2-2: Ball 3-2: SINGLE (Groundball, 34D, EV 98.1 MPH)
|
Batting: RHB Mike Larson
|
0-0: SINGLE (Flyball, 8LS, EV 85.0 MPH) Roy Battist to second Runner from 2nd tries for 3rd, SAFE, throw by CF made to third
|
Batting: RHB Josh Asch
|
0-0: Foul Ball, location: 2F 0-1: Ground out 6-3 (Groundball, 6S, EV 83.1 MPH)
|
Top of the 3rd over - 0 runs, 2 hits, 0 errors, 2 left on base; Paris 1 - Trois-Riveres 7 |
BOTTOM OF THE 3RD |
Trois-Riveres Aigles batting - Pitching for Paris Cubs : RHP Bogdan Sdobnyakov
|
Batting: RHB Kyler Seitz
|
0-0: Called Strike 0-1: Ball 1-1: Swinging Strike 1-2: Ball 2-2: Foul Ball, location: 2F 2-2: Foul Ball, location: 2F 2-2: Foul Ball, location: 2F 2-2: Strikes out swinging
|
Pitching: RHP Angel Pesina
|
|
Batting: RHB Jason Penfield
|
0-0: Called Strike 0-1: Foul Ball, location: 2F 0-2: Fly out, F7 (Flyball, 7, EV 90.0 MPH)
|
Batting: RHB Bobby Ross
|
0-0: Foul Ball, location: 2F 0-1: Called Strike 0-2: SINGLE (Line Drive, 34, EV 100.6 MPH)
|
Batting: RHB Alex Koral
|
0-0: Ball 1-0: Called Strike 1-1: Foul Ball, location: 2F 1-2: Ball 2-2: SINGLE (Line Drive, 78S, EV 95.0 MPH) Bobby Ross to second
|
Batting: RHB Josh Harmon
|
0-0: Ball 1-0: Ball 2-0: Called Strike 2-1: Ball 3-1: Base on Balls Bobby Ross to third Alex Koral to second
|
Batting: LHB Rich Matthews
|
0-0: Ball 1-0: Ball 2-0: SINGLE (Groundball, 34D, EV 96.9 MPH) Bobby Ross scores Alex Koral to third Josh Harmon to second Runner from 3rd tries for Home, SAFE, throw by RF to home
|
Pitching: LHP Alex Gandarilla
|
|
Batting: LHB Sean Banks
|
0-0: Called Strike 0-1: Ball 1-1: Foul Ball, location: 2F 1-2: Foul Ball, location: 2F 1-2: Strikes out looking
|
Bottom of the 3rd over - 2 runs, 3 hits, 0 errors, 2 left on base; Paris 1 - Trois-Riveres 9 |
TOP OF THE 4TH |
Paris Cubs batting - Pitching for Trois-Riveres Aigles : RHP Jaylin Green
|
Batting: LHB Hiroki Yamamoto
|
0-0: Ball 1-0: Ball 2-0: SINGLE (Line Drive, 56D, EV 98.1 MPH)
|
Batting: RHB Gilberto Alvarado
|
0-0: SINGLE (Groundball, 34D, EV 98.1 MPH) Hiroki Yamamoto to second
|
Batting: RHB T.J. Garrison
|
0-0: Called Strike 0-1: Called Strike 0-2: Ball 1-2: Strikes out swinging
|
Batting: RHB Chris Stec
|
0-0: Ball 1-0: Called Strike 1-1: Ground out 5-3 (Groundball, 5L, EV 103.1 MPH) Hiroki Yamamoto to third Gilberto Alvarado to second
|
Batting: RHB Hugo Torrez
|
0-0: Called Strike 0-1: Ball 1-1: Swinging Strike 1-2: Ground out 6-3 (Groundball, 6, EV 91.9 MPH)
|
Top of the 4th over - 0 runs, 2 hits, 0 errors, 2 left on base; Paris 1 - Trois-Riveres 9 |
BOTTOM OF THE 4TH |
Trois-Riveres Aigles batting - Pitching for Paris Cubs : LHP Alex Gandarilla
|
Batting: LHB Oscar Curiel
|
0-0: Called Strike 0-1: Ball 1-1: SOLO HOME RUN (Flyball, 9D, EV 97.5 MPH), Distance : 398 ft
|
Batting: RHB John Downing
|
0-0: Ball 1-0: Ball 2-0: SINGLE (Line Drive, 9LS, EV 108.8 MPH)
|
Batting: RHB Kyler Seitz
|
0-0: SINGLE (Groundball, 56D, EV 100.0 MPH) John Downing to second
|
Batting: RHB Jason Penfield
|
0-0: Swinging Strike 0-1: Foul Ball, location: 2F 0-2: Foul Ball, location: 2F 0-2: Ball 1-2: Ball 2-2: Foul Ball, location: 2F 2-2: Foul Ball, location: 2F 2-2: SINGLE (Line Drive, 7S, EV 108.8 MPH) John Downing to third Kyler Seitz to second
|
Pitching: RHP Jose Mata
|
|
Batting: RHB Bobby Ross
|
0-0: Ball 1-0: Ball 2-0: Foul Ball, location: 2F 2-1: Foul Ball, location: 2F 2-2: Ball 3-2: Grounds into double play, 4-6-3 (Groundball, 4, EV 94.4 MPH) John Downing scores Kyler Seitz to third
|
Batting: RHB Alex Koral
|
0-0: Foul Ball, location: 2F 0-1: Fly out, F9 (Flyball, 9, EV 70.6 MPH)
|
Bottom of the 4th over - 2 runs, 4 hits, 0 errors, 1 left on base; Paris 1 - Trois-Riveres 11 |
TOP OF THE 5TH |
Paris Cubs batting - Pitching for Trois-Riveres Aigles : RHP Jaylin Green
|
Batting: RHB Eric Wiss
|
0-0: Ball 1-0: Foul Ball, location: 2F 1-1: Fly out, F9 (Flyball, 9, EV 88.8 MPH)
|
Batting: RHB Roy Battist
|
0-0: Ball 1-0: Swinging Strike 1-1: Called Strike 1-2: Ball 2-2: Foul Ball, location: 2F 2-2: Fly out, F4 (Line Drive, 4, EV 60.6 MPH)
|
Batting: RHB Mike Larson
|
0-0: Fly out, F5 (Line Drive, 5, EV 70.6 MPH)
|
Top of the 5th over - 0 runs, 0 hits, 0 errors, 0 left on base; Paris 1 - Trois-Riveres 11 |
BOTTOM OF THE 5TH |
Trois-Riveres Aigles batting - Pitching for Paris Cubs : RHP Jose Mata
|
Batting: RHB Josh Harmon
|
0-0: Hit by Pitch
|
Batting: LHB Rich Matthews
|
0-0: Ground out 4-3 (Groundball, 4MS, EV 68.1 MPH) Josh Harmon to second
|
Batting: LHB Sean Banks
|
0-0: DOUBLE (Line Drive, 5D, EV 94.4 MPH) Josh Harmon scores
|
Batting: LHB Oscar Curiel
|
0-0: Ball 1-0: Called Strike 1-1: Swinging Strike 1-2: Ball 2-2: Strikes out swinging
|
Batting: RHB John Downing
|
0-0: Called Strike 0-1: Ball 1-1: SINGLE (Line Drive, 6D, EV 97.5 MPH) Sean Banks to third Runner from 3rd tries for Home, SAFE, throw by CF to home
|
Pitching: RHP Andy Baumhardt
|
|
Batting: RHB Kyler Seitz
|
0-0: Ball 1-0: Swinging Strike 1-1: Called Strike 1-2: Ball 2-2: Fly out, F8 (Flyball, 8RD, EV 100.0 MPH)
|
Bottom of the 5th over - 2 runs, 2 hits, 0 errors, 1 left on base; Paris 1 - Trois-Riveres 13 |
TOP OF THE 6TH |
Paris Cubs batting - Pitching for Trois-Riveres Aigles : RHP Jaylin Green
|
Batting: RHB Josh Asch
|
0-0: SINGLE (Groundball, 56S, EV 72.5 MPH) (infield hit)
|
Batting: LHB Hiroki Yamamoto
|
0-0: Swinging Strike 0-1: Ball 1-1: Ball 2-1: Foul Ball, location: 2F 2-2: Foul Ball, location: 2F 2-2: Foul Ball, location: 2F 2-2: Foul Ball, location: 2F 2-2: Grounds into double play, 4-6-3 (Groundball, 4, EV 84.4 MPH)
|
Batting: RHB Gilberto Alvarado
|
0-0: Called Strike 0-1: Ball 1-1: Ball 2-1: Ground out 2-3 (Groundball, 13S, EV 68.1 MPH)
|
Top of the 6th over - 0 runs, 1 hit, 0 errors, 0 left on base; Paris 1 - Trois-Riveres 13 |
BOTTOM OF THE 6TH |
Trois-Riveres Aigles batting - Pitching for Paris Cubs : RHP Andy Baumhardt
|
Batting: RHB Jason Penfield
|
0-0: Ball 1-0: Ball 2-0: Ball 3-0: Called Strike 3-1: Foul Ball, location: 2F 3-2: Ground out 6-3 (Groundball, 6, EV 104.4 MPH)
|
Batting: RHB Bobby Ross
|
0-0: Ball 1-0: Foul Ball, location: 2F 1-1: Ground out 5-3 (Groundball, 56, EV 93.1 MPH)
|
Batting: RHB Alex Koral
|
0-0: Swinging Strike 0-1: Ball 1-1: Called Strike 1-2: Strikes out looking
|
Bottom of the 6th over - 0 runs, 0 hits, 0 errors, 0 left on base; Paris 1 - Trois-Riveres 13 |
TOP OF THE 7TH |
Paris Cubs batting - Pitching for Trois-Riveres Aigles : RHP Jaylin Green
|
Batting: RHB T.J. Garrison
|
0-0: Called Strike 0-1: Ball 1-1: Ground out 3-1 (Groundball, 34, EV 83.8 MPH)
|
Pitching: RHP Josh O'Neal
|
|
Batting: RHB Chris Stec
|
0-0: Ball 1-0: Foul Ball, location: 2F 1-1: Called Strike 1-2: Ball 2-2: Ground out 4-3 (Groundball, 4, EV 86.9 MPH)
|
Batting: RHB Hugo Torrez
|
0-0: Ball 1-0: Ball 2-0: Called Strike 2-1: Ground out 6-3 (Groundball, 6, EV 85.6 MPH)
|
Top of the 7th over - 0 runs, 0 hits, 0 errors, 0 left on base; Paris 1 - Trois-Riveres 13 |
BOTTOM OF THE 7TH |
Trois-Riveres Aigles batting - Pitching for Paris Cubs : RHP Andy Baumhardt
|
Batting: RHB Josh Harmon
|
0-0: Called Strike 0-1: Called Strike 0-2: Ball 1-2: Strikes out swinging
|
Batting: LHB Rich Matthews
|
0-0: Fly out, F8 (Line Drive, 8RD, EV 97.5 MPH)
|
Batting: LHB Sean Banks
|
0-0: Ball 1-0: Ball 2-0: Foul Ball, location: 2F 2-1: Foul Ball, location: 2F 2-2: Foul Ball, location: 2F 2-2: Foul Ball, location: 2F 2-2: Ground out 4-3 (Groundball, 4, EV 84.4 MPH)
|
Bottom of the 7th over - 0 runs, 0 hits, 0 errors, 0 left on base; Paris 1 - Trois-Riveres 13 |
TOP OF THE 8TH |
Paris Cubs batting - Pitching for Trois-Riveres Aigles : RHP Josh O'Neal
|
Batting: RHB Eric Wiss
|
0-0: Fly out, F8 (Flyball, 78D, EV 95.0 MPH)
|
Batting: RHB Roy Battist
|
0-0: Swinging Strike 0-1: Called Strike 0-2: Strikes out swinging, 2-3 out at first.
|
Batting: RHB Mike Larson
|
0-0: Ball 1-0: Ball 2-0: Ball 3-0: Called Strike 3-1: Fly out, F7 (Flyball, 7LM, EV 89.4 MPH)
|
Top of the 8th over - 0 runs, 0 hits, 0 errors, 0 left on base; Paris 1 - Trois-Riveres 13 |
BOTTOM OF THE 8TH |
Trois-Riveres Aigles batting - Pitching for Paris Cubs : RHP Andy Baumhardt
|
Batting: LHB Oscar Curiel
|
0-0: Ball 1-0: Ball 2-0: Foul Ball, location: 2F 2-1: SINGLE (Line Drive, 34, EV 97.5 MPH)
|
Pitching: RHP Juan Bonilla
|
|
Batting: RHB John Downing
|
0-0: Foul Ball, location: 2F 0-1: SINGLE (Flyball, 78S, EV 93.1 MPH) Oscar Curiel to second
|
Pinch Hitting: RHB Joel Wittmier
|
0-0: Called Strike 0-1: Swinging Strike 0-2: Foul Ball, location: 2F 0-2: Ball 1-2: Hit by Pitch Oscar Curiel to third John Downing to second
|
Batting: RHB Jason Penfield
|
0-0: Foul Ball, location: 2F 0-1: Ball 1-1: Called Strike 1-2: Fielders Choice at 2nd, 6-4 (Groundball, 6, EV 80.6 MPH) Oscar Curiel scores John Downing to third
|
Batting: RHB Bobby Ross
|
0-0: Called Strike 0-1: Ball 1-1: SINGLE (Flyball, 5D, EV 89.4 MPH) John Downing scores Jason Penfield to second
|
Batting: RHB Alex Koral
|
0-0: Ball 1-0: Called Strike Balk! Jason Penfield to third Bobby Ross to second 1-1: Ball 2-1: DOUBLE (Flyball, 8RD, EV 105.0 MPH) Jason Penfield scores Bobby Ross scores
|
Batting: RHB Josh Harmon
|
0-0: Called Strike 0-1: Ball 1-1: Foul Ball, location: 2F 1-2: Ball 2-2: Ball 3-2: Ground out U3 (Groundball, 3L, EV 102.5 MPH) Alex Koral to third
|
Batting: LHB Rich Matthews
|
0-0: Hit by Pitch
|
Batting: LHB Sean Banks
|
0-0: Foul Ball, location: 2F 0-1: Swinging Strike 0-2: Ball 1-2: Foul Ball, location: 2F 1-2: Fielders Choice at 2nd, 5-4 (Groundball, 56, EV 96.2 MPH)
|
Bottom of the 8th over - 4 runs, 4 hits, 0 errors, 2 left on base; Paris 1 - Trois-Riveres 17 |
TOP OF THE 9TH |
Paris Cubs batting - Pitching for Trois-Riveres Aigles : RHP Josh O'Neal
|
Now at 1B: Joel Wittmier
|
|
Batting: RHB Josh Asch
|
0-0: Ball 1-0: Called Strike 1-1: Ball 2-1: Fly out, F6 (Popup, P, EV 83.1 MPH)
|
Batting: LHB Hiroki Yamamoto
|
0-0: Called Strike 0-1: Foul Ball, location: 2F 0-2: Ball 1-2: Ball 2-2: Fly out, F9 (Flyball, 9D, EV 110.6 MPH)
|
Pinch Hitting: RHB Adrian Cox
|
0-0: Swinging Strike 0-1: Ball 1-1: Called Strike 1-2: Ground out U3 (Groundball, 13, EV 83.1 MPH)
|
Top of the 9th over - 0 runs, 0 hits, 0 errors, 0 left on base; Paris 1 - Trois-Riveres 17 |
|